Map: Lockdown LE

Players

UnderlineENT

  • Race: Zerg Zerg
  • League: Master
  • Spawn Location: 1:00

RipNHammer - Winner!

  • Race: Terran Terran
  • League: Master
  • Spawn Location: 7:00

VOD

Have the link to the VOD?

Description

Time

  • Played on: Sept. 6, 2026, 7:15 p.m.
  • Length: 6:33
Show
View Real Time Build Order
Export as new Build Order

UnderlineENT Zerg 

Build Orders: Hatch First 

Get SALT Encoding   

  8  0:00  Drone  
  9  0:10  Drone  
  10  0:16  Drone  
  11  0:27  Overlord  
  11  0:32  Drone  
  12  0:45  Drone x2  
  14  0:51  Drone  
  15  1:12  Hatchery  
  15  1:15  Drone  
  15  1:19  Drone  
  15  1:22  Drone  
  17  1:37  Spawning Pool  
  17  1:39  Extractor  
  15  1:42  Drone  
  15  1:45  Drone  
  17  1:50  Drone  
  18  2:00  Drone  
  19  2:11  Overlord  
  19  2:24  Queen x2  
  19  2:26  Zergling x2  
  19  2:29  Zergling x2  
  25  2:32  Drone  
  26  2:40  Metabolic Boost  
  26  2:43  Drone  
  27  2:46  Drone  
  27  2:49  Drone  
  29  2:57  Drone x2  
  32  3:05  Drone  
  32  3:06  Overlord  
  32  3:10  Extractor, Drone  
  33  3:18  Lair  
  33  3:25  Drone x3  
  36  3:28  Overlord  
  36  3:33  Drone  
  37  3:38  Drone x3  
  40  3:48  Drone x2  
  42  3:53  Drone x2  
  44  4:01  Extractor x2  
  44  4:02  Extractor  
  41  4:06  Drone x2  
  43  4:14  Overlord  
  43  4:18  Drone x2  
  43  4:19  Drone, Spire  
  45  4:25  Drone x2  
  45  4:29  Zergling x2  
  48  4:32  Overlord  
  48  4:48  Hatchery  
  48  4:49  Overlord  
  47  4:53  Overlord  
  47  4:56  Drone x2  
  47  4:57  Drone  
  47  4:58  Drone  
  51  5:01  Overlord  
  51  5:21  Queen  
  51  5:23  Evolution Chamber  
  51  5:24  Evolution Chamber  
  51  5:25  Mutalisk x2  
  51  5:26  Mutalisk x4  
  51  5:28  Mutalisk  
  63  5:32  Drone x2  
  54  5:57  Drone x3  
  54  5:58  Drone x5  
  59  6:05  Drone x2  
  59  6:06  Drone  
  62  6:13  Overlord, Spore Crawler  
  60  6:18  Spore Crawler  
  60  6:24  Spore Crawler  
Show
View Real Time Build Order
Export as new Build Order

RipNHammer Terran - Winner!

Build Orders: Reaper Expand, Hellion Banshee 

Get SALT Encoding   

  8  0:00  SCV  
  9  0:13  SCV  
  10  0:25  SCV  
  11  0:37  SCV  
  11  0:39  Supply Depot  
  12  0:49  SCV  
  13  1:01  SCV  
  13  1:03  Barracks  
  14  1:07  Refinery  
  14  1:13  SCV  
  16  1:25  SCV  
  16  1:37  SCV  
  17  1:51  Reaper, Orbital Command  
  18  2:05  Command Center  
  18  2:17  SCV  
  19  2:27  Factory  
  19  2:29  SCV  
  20  2:34  Refinery  
  20  2:42  Supply Depot  
  20  2:45  Barracks Reactor  
  20  2:50  SCV  
  21  3:04  SCV  
  22  3:15  Starport  
  22  3:23  Orbital Command  
  22  3:25  SCV  
  23  3:28  Hellion x2  
  27  3:39  SCV  
  28  3:50  Hellion x2  
  28  3:51  SCV  
  28  3:52  SCV  
  28  3:55  Viking  
  36  4:07  Barracks Tech Lab, SCV  
  36  4:08  SCV  
  37  4:18  Hellion  
  37  4:19  Hellion, Supply Depot  
  41  4:31  SCV  
  41  4:34  Supply Depot  
  41  4:37  Cloaking Field  
  42  4:41  Banshee  
  45  4:45  Command Center, SCV  
  45  4:49  SCV  
  47  4:54  Supply Depot  
  47  4:58  SCV  
  48  5:02  SCV  
  48  5:03  Hellion  
  51  5:09  Hellion  
  53  5:24  SCV  
  53  5:26  Banshee  
  53  5:28  Factory  
  57  5:44  SCV  
  46  6:12  SCV  
  46  6:13  Engineering Bay  
Tags
 
Add a new tag
Caveats
  • Supply blocks, unpowered buildings, or Contaminate may cause inaccurate times.
  • Supply counts are checked every 10 seconds.